 Dungeon Crawl Stone Soup version 0.20.1-1-g8b1a95d (webtiles) character file.

1396 schets the Skirmisher (level 8, -1/68 HPs)
             Began as a Barachi Fighter on Dec 4, 2017.
             Was an Initiate of Cheibriados.
             Slain by an orc warrior
             ... wielding a +0 scimitar
              (13 damage)
             ... on level 6 of the Dungeon.
             The game lasted 00:11:10 (6628 turns).

schets the Skirmisher (Barachi Fighter)             Turns: 6628, Time: 00:11:11

Health: -1/68      AC:  7    Str: 21    XL:     8   Next: 68%
Magic:  0/11       EV:  7    Int:  9    God:    Cheibriados [......]
Gold:   153        SH:  9    Dex: 13    Spells: 8/11 levels left

rFire    . . .     SeeInvis +   a - +0 long sword
rCold    . . .     Gourm    .   c - +0 shield
rNeg     . . .     Faith    .   b - +0 scale mail
rPois    .         Spirit   +   (no helmet)
rElec    .         Reflect  .   m - scarf {Spirit}
rCorr    .         Harm     .   (no gloves)
MR       .....                  (no boots)
Stlth    ..........             (no amulet)
Regen    0.3/turn               (no ring)
MPRegen  0.2/turn               u - ring of see invisible

@: very slow
A: +LOS, swims, slowness 1, strong legs 1
a: Hop, Bend Time, Renounce Religion


You were on level 6 of the Dungeon.
You worshipped Cheibriados.
Cheibriados was noncommittal.
You were not hungry.

You visited 2 branches of the dungeon, and saw 7 of its levels.

You collected 257 gold pieces.
You spent 104 gold pieces at shops.

Inventory:

Hand Weapons
 a - a +0 long sword (weapon)
Armour
 b - a +0 scale mail (worn)
 c - a +0 shield (worn)
 m - a scarf of spirit shield (worn)
Jewellery
 u - a ring of see invisible (right hand)
Wands
 l - a wand of acid (8/15)
 v - a wand of iceblast (9/15)
Scrolls
 e - 6 scrolls of teleportation
 h - a scroll of random uselessness {unknown}
 k - a scroll of amnesia
 n - a scroll of fear {unknown}
 q - 4 scrolls of enchant weapon
 r - a scroll of fog {unknown}
 t - 3 scrolls of magic mapping
 w - a scroll of holy word {unknown}
 x - a scroll of recharging {unknown}
 y - 2 scrolls of blinking {unknown}
Potions
 d - 3 potions of might
 g - a potion of mutation
 i - a potion of heal wounds
 p - a potion of ambrosia
 z - a potion of resistance
 A - a potion of invisibility {unknown}
 B - a potion of degeneration {unknown}
Books
 s - a book of Minor Magic

   Spells                             Type                      Level
   a - Magic Dart                     Conjuration                  1
   b - Blink                          Translocation                2
   c - Call Imp                       Summoning                    2
   d - Slow                           Hexes                        2
   e - Conjure Flame                  Conjuration/Fire             3
   f - Mephitic Cloud                 Conjuration/Poison/Air       3
Comestibles
 f - 5 bread rations
 j - a fruit
 o - 2 royal jellies
 C - a meat ration


   Skills:
 - Level 7.9 Fighting
 - Level 7.3 Long Blades
 - Level 4.1 Armour
 - Level 3.5 Shields
 + Level 2.2 Spellcasting
 * Level 3.9 Conjurations
 * Level 3.9 Fire Magic


You had 8 spell levels left.
You knew the following spells:

 Your Spells              Type           Power        Failure   Level  Hunger
a - Conjure Flame         Conj/Fire      #.......     92%         3    ####...


Dungeon Overview and Level Annotations

Branches:
Dungeon (6/15)             Temple (1/1) D:6

Altars:
Ashenzari
Cheibriados
Dithmenos
Fedhas
Gozag
Kikubaaqudgha
Makhleb
Nemelex Xobeh
Okawaru
Qazlal
Ru
Sif Muna
Trog
Uskayaw
Xom
Yredelemnul
Zin
The Shining One

Shops:
D:4 *


Innate Abilities, Weirdness & Mutations

Shadows flee at your approach. (+LOS)
You can swim through water.
You cover ground slowly.
You can hop short distances.


Message History

The phantom is moderately damaged.
The orc warrior hits you with a scimitar!
You block the orc's attack. x2
You hit the orc warrior.
The orc warrior is severely wounded.
The phantom blinks!
The orc hits you with a short sword. You block the orc's attack.
The orc warrior hits you with a scimitar.
You block the orc's attack.
You hit the orc warrior.
The orc warrior is almost dead.
The orc hits you but does no damage.
The orc warrior hits you with a scimitar!
* * * LOW HITPOINT WARNING * * *
You block the phantom's attack. The orc hits you but does no damage.
You hit the orc warrior but do no damage.
The orc warrior is almost dead.
You block the orc's attack.
The orc warrior hits you with a scimitar!
You die...

#......<.##.[####............
#...)...........#............ ###
#...............#...........#
..###..........................##
#..###.#.#..............##...###
##..##)#.........<.....###...#
##..#.##..#......#.#..###...#
##.#.###.#...#oo......##...##
####...# #.....ยง@o#.#.......>.#
#.#.#.## ##.#.#W....##...##.#.##
.#.#..### #.#.............#.#..#
#.#.#...###......#.....#....##.##
.#.#.##..#..#....#...#...#......#
#.#.####...##.#..#..............#
.#.#.###...#....................#
#.#(#....#.#.###...............<.
.#.#.#####...# #.................


You could see a phantom, an orc warrior and 2 orcs.

Vanquished Creatures
  Eustachio (D:5)
  Duvessa (D:6)
  An ice beast (D:5)
  A black bear (D:5)
  A necrophage (D:6)
  A phantom (D:5)
  An ogre (D:4)
  A wyvern zombie (D:6)
  Dowan (D:6)
  2 scorpions
  A crimson imp (D:3)
  A hound (D:5)
  An orc wizard (D:6)
  A jelly (D:5)
  5 worker ants
  A hound zombie (D:5)
  A hound skeleton (D:6)
  5 gnolls
  4 adders
  A howler monkey skeleton (D:5)
  2 shadow imps (D:5)
  An ooze (D:2)
  A worm (D:6)
  A dart slug (D:1)
  7 leopard geckos
  7 orcs
  4 giant cockroaches
  11 goblins
  14 hobgoblins
  7 jackals
  16 kobolds
  4 quokkas
  3 ball pythons
  7 bats
  3 frilled lizards
  9 rats
129 creatures vanquished.

Notes
Turn   | Place    | Note
-------+----------+-------------------------------------------
     0 | D:1      | schets the Barachi Fighter began the quest for the Orb.
     0 | D:1      | Reached XP level 1. HP: 18/18 MP: 1/1
    41 | D:1      | Reached XP level 2. HP: 16/25 MP: 2/2
   438 | D:1      | Reached XP level 3. HP: 30/30 MP: 3/3
  1522 | D:2      | Reached XP level 4. HP: 38/38 MP: 4/4
  1948 | D:2      | Found a deep blue altar of Sif Muna.
  2075 | D:1      | Reached skill level 5 in Fighting
  2382 | D:3      | Reached XP level 5. HP: 42/44 MP: 3/5
  2419 | D:3      | Found a bloodstained altar of Trog.
  2817 | D:4      | Noticed an ogre
  2848 | D:4      | Killed an ogre
  2848 | D:4      | Reached skill level 5 in Long Blades
  2848 | D:4      | Reached XP level 6. HP: 42/52 MP: 4/6
  3548 | D:4      | Found Jaro's Assorted Antiques.
  3551 | D:4      | Bought a potion of might for 104 gold pieces
  3607 | D:5      | Entered Level 5 of the Dungeon
  3949 | D:5      | Noticed Eustachio
  3973 | D:5      | Killed Eustachio
  3973 | D:5      | Reached XP level 7. HP: 41/60 MP: 7/7
  5152 | D:5      | Found an ancient bone altar of Kikubaaqudgha.
  5157 | D:5      | Learned a level 3 spell: Conjure Flame
  5364 | D:5      | Reached skill level 1 in Spellcasting
  5364 | D:5      | Reached skill level 1 in Conjurations
  5364 | D:5      | Reached skill level 1 in Fire Magic
  5364 | D:5      | Reached XP level 8. HP: 48/68 MP: 5/9
  5471 | D:6      | Found a staircase to the Ecumenical Temple.
  5493 | Temple   | Entered the Ecumenical Temple
  5679 | Temple   | Became a worshipper of Cheibriados the Contemplative
  5854 | D:6      | Noticed Dowan
  5855 | D:6      | Noticed Duvessa
  5933 | D:6      | Killed Duvessa
  6022 | D:6      | Killed Dowan
  6628 | D:6      | Slain by an orc warrior

Skill      XL: |  1  2  3  4  5  6  7  8 |
---------------+-------------------------+-----
Armour         | 4 |  4.1
Fighting       | 4 5 7 |  7.9
Long Blades    | 3 4 5 6 7 |  7.3
Spellcasting   | 1 2 |  2.2
Conjurations   | 1 3 |  3.9
Fire Magic     | 1 3 |  3.9
Shields        | |  3.5

Action                   |  1- 3 |  4- 6 |  7- 9 || total
-------------------------+-------+-------+-------++-------
Melee: Long sword        |   144 |   244 |   213 ||   601
 Abil: Hop               |     2 |     3 |     1 ||     6
  Use: Scroll            |       |     2 |     5 ||     7
  Eat: Chunk             |     2 |    10 |     5 ||    17
       Meat ration       |       |       |     1 ||     1
Armor: Scale mail        |    80 |   150 |    68 ||   298
Dodge: Dodged            |    64 |    75 |    72 ||   211
Block: Shield            |   105 |   165 |   113 ||   383
       Rpst.: Long sword |    30 |    20 |    16 ||    66
